Flyers vs Jets

Created - 21 mars 2022 at 16:22

Goals
1 2 3 T
Flyers 2 0 0 2
Jets 0 1 2 3
Shots
1 2 3 T
Flyers 11 11 11 33
Jets 4 15 11 30

GoalsPenalties
1st period
1. Flyers , Phillip Danault 19 (Hampus Lindholm 24) at 6:03
2. Flyers , Brandon Hagel 4 (Devon Toews 30, Tyler Seguin 28) at 6:25
No Penalty
2nd period
3. Jets , Jaden Schwartz 22 (MacKenzie Weegar 40, Patrice Bergeron 49) at 8:49 (PP)
Phillip Danault (PHI) for Roughing (Minor) at 7:46
Oscar Klefbom (PHI) for Interference (Minor) at 10:41
Jaden Schwartz (WIN) for High sticking (Minor) at 18:15
3rd period
4. Jets , Mark Scheifele 29 (Kris Letang 37, Connor Brown 31) at 14:19 (PP)
5. Jets , Aaron Ekblad 18 (Kris Letang 38, Patrice Bergeron 50) at 16:14 (PP)
Kris Russell (WIN) for Interference (Minor) at 3:12
Brad Marchand (PHI) for Interference (Minor) at 3:12
Brad Marchand (PHI) for Holding (Minor) at 13:41
Kurtis MacDermid (PHI) for Interference (Minor) at 14:41
Goalie Stats
Sergei Bobrovsky (PHI), 27 saves from 30 shots - (0,900), L, 33-15-7, 58:41 minutes
Laurent Brossoit (WIN), 31 saves from 33 shots - (0,939), W, 9-6-0, 60:00 minutes
3 StarsOfficial
1 - Laurent Brossoit (WIN)
2 - Mark Scheifele (WIN)
3 - Brandon Hagel (PHI)
Referees : Justin StPierre and Dan O'Halloran
Linesman : David Brisebois and Greg Devorski
Game Note
Brandon Saad is injured at 9:23 of 1st period (Right Leg)
Zach Sanford is injured at 16:18 of 2nd period (Torso)



Team Name Goals Shots Shots Attemp Shots Blocked PIM HIT PP PK FO%
Flyers 233631010230 / 1 (0%)347%
Jets 33066114193 / 4 (75%)053%

Flyers
Player Name POS G A P +/- PIM HIT SHT SB MP PP MP PP SHT PK MP PK SHT FO% FOT
Alex KillornLW/RW0001011115:020:0002:1800% 0
Barclay GoodrowC/LW/RW0000001015:050:0002:56037% 19
Brad MarchandLW0000402014:271:0300:35040% 5
Brandon HagelLW/RW1011002013:050:0000:0000% 0
Brett PesceD0000010321:470:0003:0100% 0
Bryan RustLW/RW0000030013:281:0300:0000% 0
Connor McDavidC0000016014:581:0300:00050% 24
David PastrnakRW0001005015:161:1110:0000% 0
Devon ToewsD0111012224:230:4802:2400% 0
Hampus LindholmD0111000112:510:0000:0000% 0
Ivan ProvorovD0000070223:201:1103:1400% 0
Kevin FialaLW/RW0000004014:090:5600:00033% 3
Kurtis MacDermidD0001241113:260:0000:3600% 0
Logan O'ConnorRW0001011013:050:0000:0000% 0
Oscar KlefbomD0001222023:000:4801:1100% 0
Phillip DanaultC1011222014:250:0001:42056% 18
Tom WilsonRW0000000016:000:5602:55050% 2
Tyler SeguinC/LW/RW0111004014:560:5600:00047% 19
Jets
Player Name POS G A P +/- PIM HIT SHT SB MP PP MP PP SHT PK MP PK SHT FO% FOT
Aaron EkbladD1010001018:322:3910:0000% 0
Brandon SaadLW/RW000-100002:030:0000:0000% 0
Brock NelsonC/LW0000001021:402:3400:42053% 19
Connor BrownRW011-1001118:513:2000:4200% 1
Gustav ForslingD000-1001317:210:0000:4800% 0
Jaden SchwartzLW101-1213015:301:5310:0000% 3
Jared McCannC/LW0000012015:361:5210:0000% 1
Joonas DonskoiLW/RW0000010011:520:5000:0000% 0
Kris LetangD022-2016124:132:3941:1100% 0
Kris RussellD0000220114:270:0000:0000% 0
MacKenzie WeegarD0110031221:192:3410:4800% 0
Mark ScheifeleC101-1036022:442:3120:00052% 25
Nazem KadriC/LW000-1032017:443:2010:0000% 0
Patrice BergeronC022-1003019:161:5311:17063% 27
Riley SheahanC0000011012:030:0001:17062% 13
Ryan GravesD000-1030321:330:0001:1100% 0
Ryan HartmanLW/RW0000001013:100:0000:0000% 0
Zach SanfordC/LW/RW000000108:060:0000:0000% 1

Flyers

5 vs 5 Forward
Line #Left WingCenterRight WingPHYDFOFWanted %Time %Time Play
1Brad MarchandConnor McDavidBryan Rust0232525%12:25
2Alex KillornPhillip DanaultDavid Pastrnak1222525%12:44
3Brandon HagelTyler SeguinLogan O'Connor1222526%13:05
4Kevin FialaBarclay GoodrowTom Wilson1132524%12:09
5 vs 5 Defense
Line #DefenseDefensePHYDFOFWanted %Time %Time Play
1Ivan ProvorovBrett Pesce1314035%17:25
2Oscar KlefbomDevon Toews1314040%20:07
3Kurtis MacDermidHampus Lindholm1312026%12:51
4Ivan ProvorovDevon Toews12200%0:00
Power Play Forward
Line #Left WingCenterRight WingPHYDFOFWanted %Time %Time Play
1Brad MarchandConnor McDavidBryan Rust0055053%1:03
2Kevin FialaTyler SeguinTom Wilson0055047%0:56
Power Play Defense
Line #DefenseDefensePHYDFOFWanted %Time %Time Play
1Ivan ProvorovDavid Pastrnak0145560%1:11
2Oscar KlefbomDevon Toews0144540%0:48
Penalty Kill 4 Players Forward
Line #CenterWingPHYDFOFWanted %Time %Time Play
1Phillip DanaultTom Wilson1315056%2:55
2Barclay GoodrowAlex Killorn1315044%2:18
Penalty Kill 4 Players Defense
Line #DefenseDefensePHYDFOFWanted %Time %Time Play
1Brett PesceIvan Provorov0505539%2:03
2Oscar KlefbomDevon Toews0504561%3:10
Penalty Kill 3 Players
Line #WingPHYDFOFWanted %Time %Time PlayDefenseDefensePHYDFOFWanted %Time %Time Play
1Phillip Danault140500%0:00 Brett PesceIvan Provorov050500%0:00
2Barclay Goodrow140500%0:00 Oscar KlefbomDevon Toews050500%0:00
4 vs 4 Forward
Line #CenterWingPHYDFOFWanted %Time %Time Play
1Connor McDavidBrad Marchand0235054%1:04
2Tyler SeguinDavid Pastrnak0235046%0:55
4 vs 4 Defense
Line #DefensePHYDFOFWanted %Time %Time Play
1Ivan ProvorovDevon Toews0235054%50% - 1:04
2Oscar KlefbomBrett Pesce0235046%50% - 0:55
Last Minutes Offensive
Left WingCenterRight WingDefenseDefense
Brad MarchandConnor McDavidDavid PastrnakIvan ProvorovDevon Toews
Last Minutes Defensive
Left WingCenterRight WingDefenseDefense
Alex KillornPhillip DanaultTom WilsonIvan ProvorovBrett Pesce
Time
Total ForwardTotal DefenseLast Minutes OffensiveLast Minutes Defensive
60:00 60:00 0:260:00
Extra Forwards
Normal PowerPlayPenalty Kill
Kevin Fiala, Tom Wilson, Bryan RustAlex Killorn, Barclay GoodrowBrad Marchand
Extra Defensemen
Normal PowerPlayPenalty Kill
Ivan Provorov, Oscar Klefbom, Devon ToewsBrett Pesce, Oscar KlefbomIvan Provorov
Penalty Shots
Connor McDavid, Tyler Seguin, David Pastrnak, Brad Marchand, Bryan Rust
Goalie
Sergei Bobrovsky, Anthony Stolarz
Custom OT Lines Forwards
Connor McDavid, Brad Marchand, Tyler Seguin, Bryan Rust, David Pastrnak, Phillip Danault, Kevin Fiala, Tom Wilson, Barclay Goodrow, Alex Killorn
Custom OT Lines Defensemen
Ivan Provorov, Devon Toews, Oscar Klefbom, Brett Pesce, Hampus Lindholm
Scratches
Matt Murray (Healthy)

Jets

5 vs 5 Forward
Line #Left WingCenterRight WingPHYDFOFWanted %Time %Time Play
1Nazem KadriMark ScheifeleConnor Brown1133026%12:59
2Jaden SchwartzPatrice BergeronBrandon Saad1222927%13:38
3Jared McCannBrock NelsonRyan Hartman1222626%13:10
4Joonas DonskoiRiley SheahanZach Sanford1221521%10:46
5 vs 5 Defense
Line #DefenseDefensePHYDFOFWanted %Time %Time Play
1Kris LetangGustav Forsling1223333%16:33
2MacKenzie WeegarRyan Graves1223134%17:07
3Aaron EkbladKris Russell1222729%14:28
4Kris LetangRyan Graves12295%2:25
Power Play Forward
Line #Left WingCenterRight WingPHYDFOFWanted %Time %Time Play
1Jaden SchwartzPatrice BergeronBrandon Saad1135036%1:53
2Nazem KadriMark ScheifeleConnor Brown1135064%3:20
Power Play Defense
Line #DefenseDefensePHYDFOFWanted %Time %Time Play
1Kris LetangAaron Ekblad0145051%2:39
2Brock NelsonMacKenzie Weegar0145049%2:34
Penalty Kill 4 Players Forward
Line #CenterWingPHYDFOFWanted %Time %Time Play
1Patrice BergeronBrandon Saad0505065%1:17
2Brock NelsonConnor Brown0505035%0:42
Penalty Kill 4 Players Defense
Line #DefenseDefensePHYDFOFWanted %Time %Time Play
1Kris LetangRyan Graves1405060%1:11
2MacKenzie WeegarGustav Forsling1405040%0:48
Penalty Kill 3 Players
Line #WingPHYDFOFWanted %Time %Time PlayDefenseDefensePHYDFOFWanted %Time %Time Play
1Patrice Bergeron050500%0:00 Kris LetangRyan Graves140500%0:00
2Brock Nelson050500%0:00 MacKenzie WeegarGustav Forsling140500%0:00
4 vs 4 Forward
Line #CenterWingPHYDFOFWanted %Time %Time Play
1Mark ScheifeleNazem Kadri0235071%1:25
2Patrice BergeronJared McCann0235029%0:34
4 vs 4 Defense
Line #DefensePHYDFOFWanted %Time %Time Play
1Aaron EkbladKris Letang0235071%50% - 1:25
2Ryan GravesMacKenzie Weegar0235029%50% - 0:34
Last Minutes Offensive
Left WingCenterRight WingDefenseDefense
Jaden SchwartzPatrice BergeronBrandon SaadKris LetangAaron Ekblad
Last Minutes Defensive
Left WingCenterRight WingDefenseDefense
Brock NelsonPatrice BergeronConnor BrownMacKenzie WeegarRyan Graves
Time
Total ForwardTotal DefenseLast Minutes OffensiveLast Minutes Defensive
60:00 60:00 0:000:16
Extra Forwards
Normal PowerPlayPenalty Kill
Patrice Bergeron, Mark Scheifele, Brock NelsonJared McCann, Joonas DonskoiRiley Sheahan
Extra Defensemen
Normal PowerPlayPenalty Kill
Kris Letang, Aaron Ekblad, MacKenzie WeegarRyan Graves, Kris RussellAaron Ekblad
Penalty Shots
Mark Scheifele, Jared McCann, Patrice Bergeron, Jaden Schwartz, Brock Nelson
Goalie
Laurent Brossoit, Semyon Varlamov
Custom OT Lines Forwards
Mark Scheifele, Brandon Saad, Patrice Bergeron, Jaden Schwartz, Nazem Kadri, Connor Brown, Brock Nelson, Riley Sheahan, Jared McCann, Joonas Donskoi
Custom OT Lines Defensemen
Kris Russell, MacKenzie Weegar, Aaron Ekblad, Kris Letang, Ryan Graves
Scratches
Austin Watson (Healthy), Ryan Dzingel (Healthy), Connor Clifton (Healthy)


Play-by-Play

1st period


0:01 of 1st period - Mark Scheifele wins face-off versus Connor McDavid in neutral zone.
0:01 of 1st period - Kris Letang is hit by Connor McDavid and loses puck.
0:27 of 1st period - Connor McDavid is hit by Nazem Kadri and loses puck.
0:31 of 1st period - Bryan Rust is hit by Kris Letang and loses puck.
0:34 of 1st period - Shot by Brad Marchand.
0:34 of 1st period - Shot Blocked by Gustav Forsling.
0:44 of 1st period - Shot by Brad Marchand.
0:44 of 1st period - Shot Misses the Net.
1:18 of 1st period - Shot by David Pastrnak.
1:18 of 1st period - Shot Blocked by Ryan Graves.
1:22 of 1st period - Shot by Oscar Klefbom.
1:22 of 1st period - Shot Blocked by MacKenzie Weegar.
1:28 of 1st period - Shot by David Pastrnak.
1:28 of 1st period - Shot Misses the Net.
1:30 of 1st period - Shot by Devon Toews.
1:30 of 1st period - Stopped by Laurent Brossoit without a rebound.
1:31 of 1st period - Brock Nelson wins face-off versus Tyler Seguin in Jets zone.
2:26 of 1st period - Tyler Seguin is hit by Joonas Donskoi and loses puck.
3:06 of 1st period - Ivan Provorov is hit by MacKenzie Weegar and loses puck.
3:45 of 1st period - Shot by Alex Killorn.
3:45 of 1st period - Stopped by Laurent Brossoit without a rebound.
3:46 of 1st period - Connor McDavid wins face-off versus Mark Scheifele in Jets zone.
3:53 of 1st period - Shot by Connor McDavid.
3:53 of 1st period - Shot Misses the Net.
3:55 of 1st period - Shot by Brad Marchand.
3:55 of 1st period - Stopped by Laurent Brossoit without a rebound.
3:56 of 1st period - Patrice Bergeron wins face-off versus Connor McDavid in Jets zone.
4:00 of 1st period - Icing by Kris Letang.
4:01 of 1st period - Tyler Seguin wins face-off versus Patrice Bergeron in Jets zone.
4:14 of 1st period - Shot by Patrice Bergeron.
4:14 of 1st period - Shot Misses the Net.
4:16 of 1st period - Shot by Jaden Schwartz.
4:16 of 1st period - Stopped by Sergei Bobrovsky without a rebound.
4:17 of 1st period - Barclay Goodrow wins face-off versus Brock Nelson in Flyers zone.
4:23 of 1st period - Ryan Hartman is hit by Ivan Provorov.
4:29 of 1st period - Shot by Kris Russell.
4:29 of 1st period - Shot Misses the Net.
5:27 of 1st period - Shot by Connor McDavid.
5:27 of 1st period - Stopped by Laurent Brossoit without a rebound.
5:28 of 1st period - Phillip Danault wins face-off versus Mark Scheifele in Jets zone.
5:28 of 1st period - Phillip Danault is hit by Ryan Graves.
5:48 of 1st period - Phillip Danault is hit by Mark Scheifele and loses puck.
6:03 of 1st period - Shot by Phillip Danault.
6:03 of 1st period - Goal by Phillip Danault - Flyers : 1 - Jets : 0.
6:04 of 1st period - Patrice Bergeron wins face-off versus Tyler Seguin in neutral zone.
6:25 of 1st period - Shot by Brandon Hagel.
6:25 of 1st period - Goal by Brandon Hagel - Flyers : 2 - Jets : 0.
6:26 of 1st period - Connor McDavid wins face-off versus Zach Sanford in neutral zone.
6:51 of 1st period - Brad Marchand is hit by Riley Sheahan and loses puck.
7:10 of 1st period - Shot by Bryan Rust.
7:10 of 1st period - Shot Blocked by MacKenzie Weegar.
7:20 of 1st period - Shot by Devon Toews.
7:20 of 1st period - Shot Misses the Net.
7:22 of 1st period - Shot by Tom Wilson.
7:22 of 1st period - Shot Misses the Net.
7:24 of 1st period - Shot by Oscar Klefbom.
7:24 of 1st period - Stopped by Laurent Brossoit with a rebound.
7:47 of 1st period - Joonas Donskoi is hit by Oscar Klefbom and loses puck.
9:22 of 1st period - Brandon Saad is hit by Brett Pesce and loses puck.
9:23 of 1st period - Brandon Saad from Jets is injured at 9:23 of 1st period (Right Leg).
9:24 of 1st period - Mark Scheifele wins face-off versus Connor McDavid in Flyers zone.
9:48 of 1st period - Connor McDavid is hit by Kris Russell and loses puck.
10:53 of 1st period - Shot by Patrice Bergeron.
10:53 of 1st period - Shot Blocked by Ivan Provorov.
11:14 of 1st period - Icing by Ivan Provorov.
11:15 of 1st period - Phillip Danault wins face-off versus Brock Nelson in Flyers zone.
11:24 of 1st period - Shot by Jared McCann.
11:24 of 1st period - Shot Misses the Net.
11:41 of 1st period - Shot by Aaron Ekblad.
11:41 of 1st period - Shot Misses the Net.
12:59 of 1st period - Shot by Tyler Seguin.
12:59 of 1st period - Shot Misses the Net.
13:27 of 1st period - Shot by Tyler Seguin.
13:27 of 1st period - Shot Misses the Net.
13:51 of 1st period - Icing by Devon Toews.
13:52 of 1st period - Brock Nelson wins face-off versus Connor McDavid in Flyers zone.
14:07 of 1st period - Shot by Brock Nelson.
14:07 of 1st period - Stopped by Sergei Bobrovsky without a rebound.
14:08 of 1st period - Riley Sheahan wins face-off versus Barclay Goodrow in Flyers zone.
14:08 of 1st period - Kris Letang is hit by Ivan Provorov.
14:10 of 1st period - Shot by Gustav Forsling.
14:10 of 1st period - Shot Misses the Net.
14:20 of 1st period - Shot by Tom Wilson.
14:20 of 1st period - Shot Blocked by Gustav Forsling.
14:28 of 1st period - Shot by Kevin Fiala.
14:28 of 1st period - Shot Misses the Net.
14:48 of 1st period - Shot by Ivan Provorov.
14:48 of 1st period - Shot Misses the Net.
14:50 of 1st period - Shot by Brett Pesce.
14:50 of 1st period - Shot Misses the Net.
14:57 of 1st period - Icing by Kris Letang.
14:58 of 1st period - Tyler Seguin wins face-off versus Riley Sheahan in Jets zone.
15:09 of 1st period - Shot by Logan O'Connor.
15:09 of 1st period - Shot Misses the Net.
15:11 of 1st period - Shot by Logan O'Connor.
15:11 of 1st period - Shot Blocked by Gustav Forsling.
15:35 of 1st period - Shot by Logan O'Connor.
15:35 of 1st period - Shot Misses the Net.
15:37 of 1st period - Shot by Brandon Hagel.
15:37 of 1st period - Stopped by Laurent Brossoit without a rebound.
15:38 of 1st period - Brock Nelson wins face-off versus Connor McDavid in Jets zone.
15:54 of 1st period - Shot by Connor McDavid.
15:54 of 1st period - Shot Misses the Net.
16:00 of 1st period - Shot by Bryan Rust.
16:00 of 1st period - Shot Blocked by Kris Russell.
16:02 of 1st period - Shot by Oscar Klefbom.
16:02 of 1st period - Stopped by Laurent Brossoit without a rebound.
16:03 of 1st period - Phillip Danault wins face-off versus Patrice Bergeron in Jets zone.
16:20 of 1st period - Shot by Patrice Bergeron.
16:20 of 1st period - Shot Misses the Net.
16:22 of 1st period - Shot by MacKenzie Weegar.
16:22 of 1st period - Shot Misses the Net.
16:54 of 1st period - Icing by Ivan Provorov.
16:55 of 1st period - Phillip Danault wins face-off versus Brock Nelson in Flyers zone.
17:04 of 1st period - Shot by Jared McCann.
17:04 of 1st period - Shot Misses the Net.
17:06 of 1st period - Shot by Brock Nelson.
17:06 of 1st period - Shot Misses the Net.
17:53 of 1st period - Icing by Gustav Forsling.
17:54 of 1st period - Riley Sheahan wins face-off versus Barclay Goodrow in Jets zone.
18:03 of 1st period - Shot by Riley Sheahan.
18:03 of 1st period - Stopped by Sergei Bobrovsky without a rebound.
18:04 of 1st period - Connor McDavid wins face-off versus Mark Scheifele in Flyers zone.
18:04 of 1st period - Connor McDavid is hit by Mark Scheifele.
18:07 of 1st period - Icing by Brad Marchand.
18:08 of 1st period - Connor McDavid wins face-off versus Mark Scheifele in Flyers zone.
18:08 of 1st period - Connor McDavid is hit by Nazem Kadri.
18:26 of 1st period - Shot by Mark Scheifele.
18:26 of 1st period - Stopped by Sergei Bobrovsky without a rebound.
18:27 of 1st period - Tyler Seguin wins face-off versus Brock Nelson in Flyers zone.
19:11 of 1st period - Hampus Lindholm is hit by Kris Russell.
19:14 of 1st period - Icing by Kris Russell.
19:15 of 1st period - Brock Nelson wins face-off versus Barclay Goodrow in Jets zone.
19:36 of 1st period - Shot by Devon Toews.
19:36 of 1st period - Stopped by Laurent Brossoit without a rebound.
19:37 of 1st period - Patrice Bergeron wins face-off versus Connor McDavid in Jets zone.
19:41 of 1st period - Off-side.
19:42 of 1st period - Connor McDavid wins face-off versus Mark Scheifele in neutral zone.
19:59 of 1st period - Shot by Connor McDavid.
19:59 of 1st period - Stopped by Laurent Brossoit without a rebound.
Goals for this period are 2 for Flyers vs 0 for Jets.
Shots for this period are 11 for Flyers vs 4 for Jets.

2nd period


0:01 of 2nd period - Tom Wilson wins face-off versus Mark Scheifele in neutral zone.
0:08 of 2nd period - Shot by Kevin Fiala.
0:08 of 2nd period - Stopped by Laurent Brossoit with a rebound.
0:10 of 2nd period - Shot by Tom Wilson.
0:10 of 2nd period - Shot Blocked by Connor Brown.
1:13 of 2nd period - Shot by Connor McDavid.
1:13 of 2nd period - Stopped by Laurent Brossoit without a rebound.
1:14 of 2nd period - Tyler Seguin wins face-off versus Patrice Bergeron in Jets zone.
1:43 of 2nd period - Shot by Tyler Seguin.
1:43 of 2nd period - Stopped by Laurent Brossoit without a rebound.
1:44 of 2nd period - Riley Sheahan wins face-off versus Connor McDavid in Jets zone.
1:44 of 2nd period - Kris Letang is hit by Bryan Rust and loses puck.
1:56 of 2nd period - Zach Sanford is hit by Ivan Provorov and loses puck.
2:15 of 2nd period - Joonas Donskoi is hit by Ivan Provorov and loses puck.
3:29 of 2nd period - Devon Toews is hit by Nazem Kadri and loses puck.
3:48 of 2nd period - Shot by Nazem Kadri.
3:48 of 2nd period - Stopped by Sergei Bobrovsky without a rebound.
3:49 of 2nd period - Patrice Bergeron wins face-off versus Tyler Seguin in Flyers zone.
3:54 of 2nd period - Shot by Jaden Schwartz.
3:54 of 2nd period - Shot Blocked by Hampus Lindholm.
3:56 of 2nd period - Shot by Kris Letang.
3:56 of 2nd period - Shot Misses the Net.
3:58 of 2nd period - Shot by Kris Letang.
3:58 of 2nd period - Shot Misses the Net.
4:00 of 2nd period - Shot by Gustav Forsling.
4:00 of 2nd period - Shot Misses the Net.
4:14 of 2nd period - Shot by Patrice Bergeron.
4:14 of 2nd period - Shot Misses the Net.
4:16 of 2nd period - Shot by Kris Letang.
4:16 of 2nd period - Stopped by Sergei Bobrovsky without a rebound.
4:17 of 2nd period - Riley Sheahan wins face-off versus Phillip Danault in Flyers zone.
4:17 of 2nd period - Riley Sheahan is hit by Ivan Provorov.
4:27 of 2nd period - Shot by David Pastrnak.
4:27 of 2nd period - Stopped by Laurent Brossoit without a rebound.
4:28 of 2nd period - Connor McDavid wins face-off versus Mark Scheifele in Jets zone.
4:40 of 2nd period - Shot by Brad Marchand.
4:40 of 2nd period - Deflect By Connor McDavid.
4:40 of 2nd period - Stopped by Laurent Brossoit without a rebound.
4:41 of 2nd period - Phillip Danault wins face-off versus Jaden Schwartz in Jets zone.
4:48 of 2nd period - Shot by David Pastrnak.
4:48 of 2nd period - Stopped by Laurent Brossoit without a rebound.
4:49 of 2nd period - Phillip Danault wins face-off versus Patrice Bergeron in Jets zone.
5:00 of 2nd period - Shot by Mark Scheifele.
5:00 of 2nd period - Deflect By Jaden Schwartz.
5:00 of 2nd period - Stopped by Sergei Bobrovsky with a rebound.
5:18 of 2nd period - Shot by Kris Letang.
5:18 of 2nd period - Stopped by Sergei Bobrovsky with a rebound.
5:20 of 2nd period - Shot by Mark Scheifele.
5:20 of 2nd period - Stopped by Sergei Bobrovsky without a rebound.
5:21 of 2nd period - Tyler Seguin wins face-off versus Brock Nelson in Flyers zone.
5:34 of 2nd period - Icing by Ryan Graves.
5:35 of 2nd period - Connor McDavid wins face-off versus Brock Nelson in Jets zone.
5:35 of 2nd period - Brad Marchand is hit by Ryan Graves and loses puck.
5:48 of 2nd period - Shot by MacKenzie Weegar.
5:48 of 2nd period - Shot Misses the Net.
5:55 of 2nd period - Jared McCann is hit by Kurtis MacDermid.
6:01 of 2nd period - Shot by Jared McCann.
6:01 of 2nd period - Stopped by Sergei Bobrovsky with a rebound.
6:03 of 2nd period - Shot by MacKenzie Weegar.
6:03 of 2nd period - Shot Misses the Net.
6:47 of 2nd period - Shot by Mark Scheifele.
6:47 of 2nd period - Stopped by Sergei Bobrovsky without a rebound.
6:48 of 2nd period - Phillip Danault wins face-off versus Patrice Bergeron in Flyers zone.
7:03 of 2nd period - Shot by David Pastrnak.
7:03 of 2nd period - Stopped by Laurent Brossoit without a rebound.
7:04 of 2nd period - Tyler Seguin wins face-off versus Riley Sheahan in Jets zone.
7:10 of 2nd period - Kris Letang is hit by Oscar Klefbom and loses puck.
7:15 of 2nd period - Shot by Zach Sanford.
7:15 of 2nd period - Shot Misses the Net.
7:17 of 2nd period - Shot by Zach Sanford.
7:17 of 2nd period - Stopped by Sergei Bobrovsky without a rebound.
7:18 of 2nd period - Patrice Bergeron wins face-off versus Barclay Goodrow in Flyers zone.
7:21 of 2nd period - Shot by Patrice Bergeron.
7:21 of 2nd period - Stopped by Sergei Bobrovsky without a rebound.
7:22 of 2nd period - Patrice Bergeron wins face-off versus Barclay Goodrow in Flyers zone.
7:24 of 2nd period - Mark Scheifele is hit by Devon Toews and loses puck.
7:36 of 2nd period - Icing by Gustav Forsling.
7:37 of 2nd period - Patrice Bergeron wins face-off versus Phillip Danault in Jets zone.
7:44 of 2nd period - Gustav Forsling is hit by Alex Killorn and loses puck.
7:46 of 2nd period - Minor Penalty to Phillip Danault for Roughing.
7:47 of 2nd period - Mark Scheifele wins face-off versus Brad Marchand in Flyers zone.
8:18 of 2nd period - Shot by Nazem Kadri.
8:18 of 2nd period - Stopped by Sergei Bobrovsky without a rebound.
8:19 of 2nd period - Patrice Bergeron wins face-off versus Brad Marchand in Flyers zone.
8:19 of 2nd period - Aaron Ekblad is hit by Ivan Provorov and loses puck.
8:36 of 2nd period - Shot by Jared McCann.
8:36 of 2nd period - Stopped by Sergei Bobrovsky without a rebound.
8:37 of 2nd period - Patrice Bergeron wins face-off versus Brad Marchand in Flyers zone.
8:37 of 2nd period - Jaden Schwartz is hit by Ivan Provorov.
8:47 of 2nd period - Shot by MacKenzie Weegar.
8:47 of 2nd period - Shot Misses the Net.
8:49 of 2nd period - Shot by Jaden Schwartz.
8:49 of 2nd period - Goal by Jaden Schwartz - Flyers : 2 - Jets : 1.
8:50 of 2nd period - Tyler Seguin wins face-off versus Mark Scheifele in neutral zone.
9:03 of 2nd period - Shot by Tyler Seguin.
9:03 of 2nd period - Shot Misses the Net.
9:17 of 2nd period - Shot by Tyler Seguin.
9:17 of 2nd period - Stopped by Laurent Brossoit without a rebound.
9:18 of 2nd period - Patrice Bergeron wins face-off versus Phillip Danault in Jets zone.
9:32 of 2nd period - Ryan Graves is hit by Phillip Danault and loses puck.
10:41 of 2nd period - Minor Penalty to Oscar Klefbom for Interference.
10:42 of 2nd period - Phillip Danault wins face-off versus Jared McCann in Flyers zone.
11:42 of 2nd period - Shot by Patrice Bergeron.
11:42 of 2nd period - Stopped by Sergei Bobrovsky without a rebound.
11:43 of 2nd period - Barclay Goodrow wins face-off versus Patrice Bergeron in Flyers zone.
12:02 of 2nd period - Shot by MacKenzie Weegar.
12:02 of 2nd period - Stopped by Sergei Bobrovsky with a rebound.
12:04 of 2nd period - Shot by Joonas Donskoi.
12:04 of 2nd period - Shot Blocked by Alex Killorn.
12:10 of 2nd period - Shot by Joonas Donskoi.
12:10 of 2nd period - Shot Blocked by Devon Toews.
12:12 of 2nd period - Shot by Jaden Schwartz.
12:12 of 2nd period - Deflect By Joonas Donskoi.
12:12 of 2nd period - Shot Blocked by Devon Toews.
12:38 of 2nd period - Shot by Kris Letang.
12:38 of 2nd period - Stopped by Sergei Bobrovsky without a rebound.
12:39 of 2nd period - Mark Scheifele wins face-off versus Phillip Danault in Flyers zone.
12:59 of 2nd period - Zach Sanford is hit by Kurtis MacDermid and loses puck.
13:55 of 2nd period - Shot by Connor McDavid.
13:55 of 2nd period - Stopped by Laurent Brossoit without a rebound.
13:56 of 2nd period - Mark Scheifele wins face-off versus Barclay Goodrow in Jets zone.
14:12 of 2nd period - Shot by Mark Scheifele.
14:12 of 2nd period - Shot Misses the Net.
14:47 of 2nd period - Icing by Barclay Goodrow.
14:48 of 2nd period - Patrice Bergeron wins face-off versus Tom Wilson in Flyers zone.
15:26 of 2nd period - Icing by Brad Marchand.
15:27 of 2nd period - Brad Marchand wins face-off versus Riley Sheahan in Flyers zone.
15:31 of 2nd period - Bryan Rust is hit by Ryan Graves and loses puck.
16:17 of 2nd period - Zach Sanford is hit by Phillip Danault and loses puck.
16:18 of 2nd period - Zach Sanford from Jets is injured at 16:18 of 2nd period (Torso).
16:19 of 2nd period - Mark Scheifele wins face-off versus Tyler Seguin in neutral zone.
16:22 of 2nd period - Shot by Mark Scheifele.
16:22 of 2nd period - Shot Blocked by Kurtis MacDermid.
16:54 of 2nd period - Icing by Hampus Lindholm.
16:55 of 2nd period - Tyler Seguin wins face-off versus Brock Nelson in Flyers zone.
16:55 of 2nd period - Tyler Seguin is hit by Jared McCann.
17:00 of 2nd period - Off-side.
17:01 of 2nd period - Brock Nelson wins face-off versus Phillip Danault in neutral zone.
17:12 of 2nd period - Icing by Kris Russell.
17:13 of 2nd period - Connor McDavid wins face-off versus Brock Nelson in Jets zone.
17:57 of 2nd period - Shot by Brad Marchand.
17:57 of 2nd period - Stopped by Laurent Brossoit without a rebound.
17:58 of 2nd period - Phillip Danault wins face-off versus Mark Scheifele in Jets zone.
18:11 of 2nd period - Icing by Phillip Danault.
18:12 of 2nd period - Phillip Danault wins face-off versus Patrice Bergeron in Flyers zone.
18:14 of 2nd period - David Pastrnak is hit by Jaden Schwartz and loses puck.
18:15 of 2nd period - Minor Penalty to Jaden Schwartz for High sticking.
18:16 of 2nd period - Patrice Bergeron wins face-off versus Kevin Fiala in Jets zone.
18:47 of 2nd period - Icing by Ivan Provorov.
18:48 of 2nd period - Brock Nelson wins face-off versus Tyler Seguin in Flyers zone.
19:07 of 2nd period - Shot by Tyler Seguin.
19:07 of 2nd period - Shot Misses the Net.
19:09 of 2nd period - Shot by David Pastrnak.
19:09 of 2nd period - Shot Misses the Net.
19:11 of 2nd period - Shot by David Pastrnak.
19:11 of 2nd period - Stopped by Laurent Brossoit without a rebound.
19:12 of 2nd period - Brad Marchand wins face-off versus Patrice Bergeron in Jets zone.
19:35 of 2nd period - Shot by Connor McDavid.
19:35 of 2nd period - Shot Misses the Net.
Goals for this period are 0 for Flyers vs 1 for Jets.
Shots for this period are 11 for Flyers vs 15 for Jets.

3rd period


0:01 of 3rd period - Brock Nelson wins face-off versus Connor McDavid in neutral zone.
0:35 of 3rd period - Icing by Barclay Goodrow.
0:36 of 3rd period - Patrice Bergeron wins face-off versus Barclay Goodrow in Flyers zone.
2:33 of 3rd period - Tyler Seguin is hit by MacKenzie Weegar and loses puck.
2:43 of 3rd period - Shot by Logan O'Connor.
2:43 of 3rd period - Stopped by Laurent Brossoit with a rebound.
2:45 of 3rd period - Shot by Brandon Hagel.
2:45 of 3rd period - Shot Blocked by Ryan Graves.
2:47 of 3rd period - Shot by Kurtis MacDermid.
2:47 of 3rd period - Stopped by Laurent Brossoit without a rebound.
2:48 of 3rd period - Connor McDavid wins face-off versus Riley Sheahan in Jets zone.
2:52 of 3rd period - Icing by Kris Russell.
2:53 of 3rd period - Riley Sheahan wins face-off versus Connor McDavid in Jets zone.
2:53 of 3rd period - Riley Sheahan is hit by Bryan Rust.
3:12 of 3rd period - Minor Penalty to Kris Russell for Interference.
3:12 of 3rd period - Minor Penalty to Brad Marchand for Interference.
3:13 of 3rd period - Mark Scheifele wins face-off versus Tyler Seguin in Jets zone.
3:34 of 3rd period - Shot by Tyler Seguin.
3:34 of 3rd period - Stopped by Laurent Brossoit with a rebound.
3:36 of 3rd period - Shot by David Pastrnak.
3:36 of 3rd period - Stopped by Laurent Brossoit without a rebound.
3:37 of 3rd period - Patrice Bergeron wins face-off versus Connor McDavid in Jets zone.
4:08 of 3rd period - Shot by Connor McDavid.
4:08 of 3rd period - Stopped by Laurent Brossoit without a rebound.
4:09 of 3rd period - Mark Scheifele wins face-off versus Tyler Seguin in Jets zone.
4:39 of 3rd period - Icing by Nazem Kadri.
4:40 of 3rd period - Connor McDavid wins face-off versus Mark Scheifele in Jets zone.
5:15 of 3rd period - Shot by David Pastrnak.
5:15 of 3rd period - Shot Blocked by Ryan Graves.
5:17 of 3rd period - Shot by Phillip Danault.
5:17 of 3rd period - Stopped by Laurent Brossoit without a rebound.
5:18 of 3rd period - Patrice Bergeron wins face-off versus Tyler Seguin in Jets zone.
6:44 of 3rd period - Shot by Mark Scheifele.
6:44 of 3rd period - Shot Blocked by Ivan Provorov.
7:07 of 3rd period - Off-side.
7:08 of 3rd period - Barclay Goodrow wins face-off versus Mark Scheifele in neutral zone.
7:17 of 3rd period - Shot by Kevin Fiala.
7:17 of 3rd period - Stopped by Laurent Brossoit without a rebound.
7:18 of 3rd period - Mark Scheifele wins face-off versus Connor McDavid in Jets zone.
7:18 of 3rd period - Nazem Kadri is hit by Bryan Rust and loses puck.
8:32 of 3rd period - Shot by Brock Nelson.
8:32 of 3rd period - Shot Misses the Net.
8:34 of 3rd period - Shot by Gustav Forsling.
8:34 of 3rd period - Shot Misses the Net.
8:36 of 3rd period - Shot by Ryan Hartman.
8:36 of 3rd period - Stopped by Sergei Bobrovsky without a rebound.
8:37 of 3rd period - Patrice Bergeron wins face-off versus Kevin Fiala in Flyers zone.
8:47 of 3rd period - Icing by Tom Wilson.
8:48 of 3rd period - Riley Sheahan wins face-off versus Barclay Goodrow in Flyers zone.
8:51 of 3rd period - Shot by Patrice Bergeron.
8:51 of 3rd period - Shot Blocked by Brett Pesce.
9:05 of 3rd period - Shot by Kevin Fiala.
9:05 of 3rd period - Stopped by Laurent Brossoit without a rebound.
9:06 of 3rd period - Tyler Seguin wins face-off versus Brock Nelson in Jets zone.
9:14 of 3rd period - Hampus Lindholm is hit by MacKenzie Weegar.
9:18 of 3rd period - Shot by Tyler Seguin.
9:18 of 3rd period - Stopped by Laurent Brossoit with a rebound.
9:30 of 3rd period - Shot by Brock Nelson.
9:30 of 3rd period - Shot Misses the Net.
9:49 of 3rd period - Jared McCann is hit by Kurtis MacDermid and loses puck.
10:12 of 3rd period - Shot by Mark Scheifele.
10:12 of 3rd period - Stopped by Sergei Bobrovsky without a rebound.
10:13 of 3rd period - Riley Sheahan wins face-off versus Barclay Goodrow in Flyers zone.
10:24 of 3rd period - Shot by Riley Sheahan.
10:24 of 3rd period - Shot Blocked by Brett Pesce.
10:27 of 3rd period - Icing by Brett Pesce.
10:28 of 3rd period - Kevin Fiala wins face-off versus Connor Brown in Flyers zone.
10:28 of 3rd period - Barclay Goodrow is hit by Mark Scheifele and loses puck.
10:37 of 3rd period - Shot by Mark Scheifele.
10:37 of 3rd period - Shot Blocked by Brett Pesce.
10:39 of 3rd period - Shot by Gustav Forsling.
10:39 of 3rd period - Stopped by Sergei Bobrovsky without a rebound.
10:40 of 3rd period - Patrice Bergeron wins face-off versus Phillip Danault in Flyers zone.
11:02 of 3rd period - Icing by Devon Toews.
11:03 of 3rd period - Brock Nelson wins face-off versus Phillip Danault in Flyers zone.
12:59 of 3rd period - Off-side.
13:00 of 3rd period - Barclay Goodrow wins face-off versus Patrice Bergeron in neutral zone.
13:02 of 3rd period - Off-side.
13:03 of 3rd period - Barclay Goodrow wins face-off versus Jaden Schwartz in neutral zone.
13:32 of 3rd period - Shot by Barclay Goodrow.
13:32 of 3rd period - Stopped by Laurent Brossoit without a rebound.
13:33 of 3rd period - Connor McDavid wins face-off versus Riley Sheahan in Jets zone.
13:41 of 3rd period - Minor Penalty to Brad Marchand for Holding.
13:42 of 3rd period - Barclay Goodrow wins face-off versus Mark Scheifele in Flyers zone.
13:57 of 3rd period - Shot by Aaron Ekblad.
13:57 of 3rd period - Shot Misses the Net.
14:13 of 3rd period - Shot by Kris Letang.
14:13 of 3rd period - Stopped by Sergei Bobrovsky with a rebound.
14:15 of 3rd period - Shot by Mark Scheifele.
14:15 of 3rd period - Stopped by Sergei Bobrovsky with a rebound.
14:17 of 3rd period - Shot by Mark Scheifele.
14:17 of 3rd period - Shot Misses the Net.
14:19 of 3rd period - Shot by Mark Scheifele.
14:19 of 3rd period - Goal by Mark Scheifele - Flyers : 2 - Jets : 2.
14:20 of 3rd period - Connor McDavid wins face-off versus Jaden Schwartz in neutral zone.
14:34 of 3rd period - MacKenzie Weegar is hit by Kurtis MacDermid and loses puck.
14:41 of 3rd period - Shot by Patrice Bergeron.
14:41 of 3rd period - Stopped by Sergei Bobrovsky without a rebound.
14:41 of 3rd period - Minor Penalty to Kurtis MacDermid for Interference.
14:42 of 3rd period - Mark Scheifele wins face-off versus Barclay Goodrow in Flyers zone.
14:43 of 3rd period - Shot by Kris Letang.
14:43 of 3rd period - Stopped by Sergei Bobrovsky without a rebound.
14:44 of 3rd period - Mark Scheifele wins face-off versus Phillip Danault in Flyers zone.
15:05 of 3rd period - Shot by Mark Scheifele.
15:05 of 3rd period - Shot Misses the Net.
15:30 of 3rd period - Icing by MacKenzie Weegar.
15:31 of 3rd period - Mark Scheifele wins face-off versus Barclay Goodrow in Jets zone.
15:58 of 3rd period - Shot by Aaron Ekblad.
15:58 of 3rd period - Shot Misses the Net.
16:02 of 3rd period - Shot by Kris Letang.
16:02 of 3rd period - Stopped by Sergei Bobrovsky without a rebound.
16:03 of 3rd period - Barclay Goodrow wins face-off versus Patrice Bergeron in Flyers zone.
16:14 of 3rd period - Shot by Aaron Ekblad.
16:14 of 3rd period - Goal by Aaron Ekblad - Flyers : 2 - Jets : 3.
16:15 of 3rd period - Riley Sheahan wins face-off versus Tyler Seguin in neutral zone.
16:15 of 3rd period - Kris Letang is hit by Logan O'Connor and loses puck.
16:34 of 3rd period - Shot by Brandon Hagel.
16:34 of 3rd period - Shot Misses the Net.
16:36 of 3rd period - Shot by Brett Pesce.
16:36 of 3rd period - Shot Blocked by Kris Letang.
16:44 of 3rd period - Shot by Tyler Seguin.
16:44 of 3rd period - Shot Misses the Net.
17:26 of 3rd period - Shot by Mark Scheifele.
17:26 of 3rd period - Shot Misses the Net.
17:28 of 3rd period - Shot by Connor Brown.
17:28 of 3rd period - Stopped by Sergei Bobrovsky without a rebound.
17:29 of 3rd period - Brock Nelson wins face-off versus Connor McDavid in Flyers zone.
18:22 of 3rd period - Icing by Ryan Hartman.
18:23 of 3rd period - Brock Nelson wins face-off versus Barclay Goodrow in Jets zone.
18:41 of 3rd period - Flyers, Sergei Bobrovsky is pulled from the net.
18:41 of 3rd period - Shot by Kevin Fiala.
18:41 of 3rd period - Stopped by Laurent Brossoit without a rebound.
18:42 of 3rd period - Mark Scheifele wins face-off versus Tyler Seguin in Jets zone.
Goals for this period are 0 for Flyers vs 2 for Jets.
Shots for this period are 11 for Flyers vs 11 for Jets.